 Dungeon Crawl Stone Soup version 0.18-a0-1267-gff090c1 (webtiles) character file.

579311 namelastname112 the Lord of Darkness (level 25, 0/209 HPs)
             Began as a Green Draconian Gladiator on Feb 6, 2016.
             Was the Champion of Kikubaaqudgha.
             Killed from afar by a green draconian annihilator (38 damage)
             ... with a bolt of lightning
             ... on level 4 of the Realm of Zot.
             The game lasted 04:46:13 (83699 turns).

namelastname112 the Lord of Darkness (DrGl)        Turns: 83699, Time: 04:46:13

Health: 0/209      AC: 25    Str: 23    XL:     25   Next: 88%
Magic:  8/41       EV: 23    Int: 17    God:    Kikubaaqudgha [******]
Gold:   3201       SH: 15    Dex: 20    Spells: 14 memorised, 3 levels left

rFire  + + +     SeeInvis .     Q - +9 demon whip (freeze)
rCold  + + .     Gourm    .     (armour unavailable)
rNeg   + + .     Faith    .     W - +0 shield "Xotismef" {*Drain rF++ Int+4} (curse)
rPois  +         Spirit   .     z - +2 hat
rElec  .         Dismiss  .     J - +1 cloak of Distant Shores {rF+ Regen+ Dex+2}
rCorr  .         Reflect  .     K - +1 pair of gloves of Qazlal's Esteem {rC+ rN+}
SustAt .         Harm     .     y - +2 pair of boots of the Assassin {DetectMon Stab+ Stlth++}
MR     +....                    B - amulet of magic regeneration
Stlth  +++.......               l - ring "Hikuuxzo" {+Inv rC+ rN+ Str-2 Stlth+} (curse)
                                k - ring "Duxko" {AC+4 Str+6 Int+2 Stlth-}

@: liquid flames, death channel, flying, glowing, somewhat resistant to hostile
enchantments, fairly stealthy
A: breathe noxious fumes, unfitting armour, big wings, stinger 1, dopey 1,
poison resistance, cold-blooded, AC +12
a: Breathe Noxious Fumes, Stop Flying, Receive Corpses, Torment, Renounce
Religion, Evoke Invisibility
}: 3/15 runes: serpentine, barnacled, silver


You were on level 4 of the Realm of Zot.
You worshipped Kikubaaqudgha.
Kikubaaqudgha was exalted by your worship.
You were not hungry.

You visited 10 branches of the dungeon, and saw 51 of its levels.
You visited the Abyss 1 time.
You visited 1 bazaar.
You also visited: Labyrinth, Sewer and Wizlab.

You collected 26148 gold pieces.
You spent 5899 gold pieces at shops.
You paid 17048 gold pieces to Gozag.

Inventory:

Hand Weapons
 a - the +8 whip "Snakebite" {curare, rPois}
   (You bought it in a shop on level 11 of the Dungeon)

   It poisons the flesh of those it strikes.
   It protects you from poison.
 b - the +4 Staff of Olgreb {rPois}
   (You bought it in a shop on level 11 of the Dungeon)

   It protects you from poison.
 Q - a +9 demon whip of freezing (weapon)
Missiles
 c - 17 throwing nets
 u - 18 silver javelins
 H - 30 javelins of penetration
 I - 89 javelins (quivered)
Armour
 y - the +2 pair of boots of the Assassin (worn) {DetectMon Stab+ Stlth++}
   (You bought it in a shop on level 11 of the Dungeon)

   It makes you much more stealthy.
 z - a +2 hat (worn)
 J - the +1 cloak of Distant Shores (worn) {rF+ Regen+ Dex+2}
   (You found it on level 8 of the Lair of Beasts)

   It affects your dexterity (+2).
   It protects you from fire.
   It increases your rate of regeneration.
 K - the +1 pair of gloves of Qazlal's Esteem (worn) {rC+ rN+}
   (You bought it in a shop on level 11 of the Dungeon)

   It protects you from cold.
   It protects you from negative energy.
 W - the cursed +0 shield "Xotismef" (worn) {*Drain rF++ Int+4}
   (You bought it in a shop on level 11 of the Dungeon)

   It affects your intelligence (+4).
   It greatly protects you from fire.
   It causes draining when unequipped.
   It has a curse placed upon it.
Rods
 Z - a +7 lightning rod (15/15)
   (You found it in a labyrinth)
Jewellery
 f - the ring "Bixo" {Fire rElec Str+4 Dex+3}
   (You found it on level 3 of the Depths)

   [ring of fire]

   It enhances your fire magic, and weakens your ice magic.
   It affects your strength (+4).
   It affects your dexterity (+3).
   It protects you from fire.
   It makes you vulnerable to cold.
   It insulates you from electricity.
 k - the ring "Duxko" (left hand) {AC+4 Str+6 Int+2 Stlth-}
   (You found it on level 3 of the Depths)

   [ring of protection]

   It affects your AC (+4).
   It affects your strength (+6).
   It affects your intelligence (+2).
   It makes you less stealthy.
 l - the cursed ring "Hikuuxzo" (right hand) {+Inv rC+ rN+ Str-2 Stlth+}
   (You took it off a deep elf sorcerer on level 3 of the Elven Halls)

   [ring of strength]

   It affects your strength (-2).
   It protects you from cold.
   It protects you from negative energy.
   It lets you turn invisible.
   It makes you more stealthy.
   It has a curse placed upon it.
 B - an amulet of magic regeneration (around neck)
 Y - the ring "Wiaka" {rElec Str+3 Stlth+}
   (You took it off a vampire mage on level 3 of the Depths)

   [ring of strength]

   It affects your strength (+3).
   It insulates you from electricity.
   It makes you more stealthy.
Wands
 p - a wand of teleportation (2/9)
 G - a wand of digging (16/24)
 X - a wand of disintegration (10/24)
Scrolls
 e - 23 scrolls of remove curse
 i - 11 scrolls of fog
 m - a scroll of summoning
 q - 2 scrolls of blinking
 r - a scroll of silence
 w - 11 scrolls of identify
 x - 7 scrolls of recharging
 C - 5 scrolls of fear
 D - 10 scrolls of magic mapping
 L - 3 scrolls of teleportation
 N - a scroll of holy word
 P - 5 scrolls of enchant armour
 V - a scroll of brand weapon
Potions
 g - 6 potions of might
 n - 3 potions of agility
 o - 4 potions of brilliance
 t - a potion of invisibility
 v - 2 potions of cure mutation
 E - 8 potions of haste
 F - 10 potions of curing
 O - 5 potions of resistance
 S - 2 potions of flight
 T - 3 potions of magic
 U - 2 potions of heal wounds
Books
 h - Kikubaaqudgha's Volume of Sinister Magic
   (Kikubaaqudgha gifted it to you on level 3 of the Snake Pit)

   Spells                             Type                      Level
   a - Pain                           Necromancy                   1
   b - Corpse Rot                     Necromancy                   2
   c - Sublimation of Blood           Necromancy                   2
   d - Vampiric Draining              Necromancy                   3
   e - Control Undead                 Necromancy                   4
 A - Iskenderun's Guide on Combat Magic
   (You found it in a wizard's laboratory)

   Spells                             Type                      Level
   a - Magic Dart                     Conjuration                  1
   b - Mephitic Cloud                 Conjuration/Poison/Air       3
   c - Iskenderun's Mystic Blast      Conjuration                  4
   d - Fulminant Prism                Conjuration/Hexes            4
   e - Sticky Flame                   Conjuration/Fire             4
   f - Bolt of Magma                  Conjuration/Fire/Earth       5
   g - Venom Bolt                     Conjuration/Poison           5
   h - Conjure Ball Lightning         Conjuration/Air              6
 R - Kikubaaqudgha's Collected Works on Stolen Souls
   (Kikubaaqudgha gifted it to you on level 4 of the Snake Pit)

   Spells                             Type                      Level
   a - Bolt of Draining               Conjuration/Necromancy       5
   b - Agony                          Necromancy                   5
   c - Cigotuvi's Embrace             Necromancy                   5
   d - Dispel Undead                  Necromancy                   5
   e - Death Channel                  Necromancy                   6
Comestibles
 d - 4 bread rations
 j - 6 meat rations


   Skills:
 - Level 13.9 Fighting
   Level 12.6(14.8) Axes
 - Level 13.2(15.1) Maces & Flails
 - Level 12.1 Throwing
 - Level 12.2 Dodging
 + Level 12.9 Stealth
 - Level 15.2 Shields
 + Level 14.9 Spellcasting
 - Level 8.4 Conjurations
 - Level 6.1 Charms
 * Level 7.8 Summonings
 + Level 17.8 Necromancy
 - Level 7.8 Transmutations
 - Level 5.3 Ice Magic
   Level 7.4 Air Magic
 - Level 15.3 Poison Magic
 - Level 12.1 Evocations


You had 3 spell levels left.
You knew the following spells:

 Your Spells              Type           Power        Failure   Level  Hunger
a - Animate Dead          Necr           N/A          1%          4    None
b - Apportation           Tloc           ##........   6%          1    None
c - Summon Butterflies    Summ           #####...     1%          1    None
d - Regeneration          Chrm/Necr      ######....   1%          3    None
e - Ignite Poison         Fire/Trmt/Pois #####...     1%          3    None
f - Venom Bolt            Conj/Pois      ######....   1%          5    ####...
g - Ozocubu's Armour      Chrm/Ice       ####....     1%          3    None
h - Dispel Undead         Necr           ######..     1%          5    ####...
i - Death Channel         Necr           ######....   1%          6    #####..
j - Simulacrum            Ice/Necr       ######....   10%         6    #####..
k - Haunt                 Necr/Summ      ######....   24%         7    #######
s - Vampiric Draining     Necr           ######....   0%          3    None
v - Sublimation of Blood  Necr           ######....   0%          2    None
x - Animate Skeleton      Necr           N/A          0%          1    None


Dungeon Overview and Level Annotations

Branches:
Dungeon (15/15)            Temple (1/1) D:5            Lair (8/8) D:11
 Shoals (4/4) Lair:5        Snake (4/4) Lair:6        Slime (0/6) Lair:6
    Orc (2/2) D:10            Elf (3/3) Orc:2        Vaults (5/5) D:13
  Crypt (0/3) Vaults:3     Depths (5/5) D:15            Zot (4/5) Depths:5

Altars:
Ashenzari
Cheibriados
Dithmenos
Elyvilon
Fedhas
Gozag
Kikubaaqudgha
Makhleb
Nemelex Xobeh
Okawaru
Pakellas
Qazlal
Ru
Sif Muna
Trog
Vehumet
Xom
Yredelemnul
Zin
The Shining One
Beogh
Jiyva

Shops:
D:5 *   D:8 (   D:11 (=((([[(([(   Orc:1 :(!*%   Orc:2 [(?}??*   Snake:4 :
Vaults:3 }   Vaults:5 [   Depths:2 %   Depths:3 }:%   Depths:5 :

Portals:
Hell: Depths:1 Depths:2 Depths:3 Depths:4 Depths:5
Abyss: Depths:2 Depths:4
Pandemonium: Orc:2 Depths:2 Depths:3
Ziggurat: Depths:5

Annotations:
Elf:2 5 runed doors
Elf:3 exclusion: Roxanne, Roxanne
Depths:1 exclusion: obsidian statue


Innate Abilities, Weirdness & Mutations

You can breathe blasts of noxious fumes.
Your lurid green scales are hard (AC +12).
Your body does not fit into most forms of armour.
Your tail ends in a poisonous barb.
Your system is resistant to poisons.
You are cold-blooded and may be slowed by cold attacks.
Your large and strong wings let you fly indefinitely.
You are dopey. (Int -2)


Message History

* * * LOW HITPOINT WARNING * * *
Something hits your spectral draconian!!
Your spectral draconian hits something but does no damage.
You block the green draconian annihilator's attack. x2
Your spectral red draconian hits something.
Casting: Vampiric Draining
Confirm with . or Enter, or press ? or * to list all spells.
Aiming: Vampiric Draining
Press: ? - help, Shift-Dir - straight line, f - green draconian annihilator
Aim: a green draconian annihilator, wielding a short sword and wearing an embroidered cloak (moderately wounded, lightly drained)
The green draconian annihilator is heavily wounded.
You feel life coursing into your body.
You are covered in liquid flames!
* * * LOW HITPOINT WARNING * * *
Something hits your spectral draconian!!
Your spectral draconian closely misses something.
The green draconian annihilator points at you and mumbles some strange words.
The bolt of lightning hits you!
You die...
Kikubaaqudgha rasps: "You have failed me!
Welcome... death!"

#... #...# #...#
#...# ##...#
##...## ##.....#
##.@q# #. ##.Z.##
###... ##.ZZ##
.#...# #.)Z{.##
....# #...#(..##
##{..#
#...###...###{l.#
#...# ##^))#k.d#
#...# ##.)...##
## #..# ##)....##
#..


You could see a green draconian annihilator, a friendly spectral ice dragon, a
friendly spectral mottled draconian, a friendly spectral red draconian and a
friendly spectral draconian.

Vanquished Creatures
  An ancient lich (Vaults:5)
  Mara (D:15)
  Norris (Snake:3)
  A curse toe (Zot:1)
  A caustic shrike (Depths:4)
  The ghost of PeterLawrence the Hoplite, a veteran GrFi of Okawaru (Vaults:4)
  6 golden dragons
  the Enchantress (Depths:1)
  Jorgrun (Shoals:4)
  A lich (Depths:3)
  7 tentacled monstrosities
  Asterion (Vaults:3)
  Rupert (Lair:8)
  2 deep elf blademasters (Elf:3)
  2 deep elf master archers (Elf:3)
  4 titans
  3 death cobs
  Gastronok (D:11)
  Polyphemus (Shoals:4)
  3 sphinxes
  A kraken (Shoals:1)
  A shadow dragon (Vaults:5)
  4 greater nagas (Snake:4)
  6 tengu reavers
  2 draconian monks
  2 thorn hunters (Depths:2)
  5 storm dragons
  4 fire giants
  9 frost giants
  Aizul (Vaults:2)
  Ilsuiw (Shoals:4)
  A draconian scorcher (Zot:2)
  12 vault wardens
  A ghost moth (Zot:2)
  An iron dragon (Depths:5)
  A draconian knight (Depths:5)
  The ghost of M4edhros the Nimble, an adept OpAr of Fedhas (Shoals:4)
  8 deep elf sorcerers
  A draconian zealot (Zot:4)
  7 deep elf elementalists
  A draconian annihilator (Zot:2)
  An orc warlord (Depths:3)
  3 spriggan defenders (Depths:1)
  15 ironheart preservers
  A caustic shrike skeleton (Depths:4)
  22 stone giants
  2 draconian shifters
  8 very ugly things
  An apis (Elf:1)
  A war gargoyle (Vaults:3)
  6 vampire knights
  2 draconian callers
  8 red draconians
  4 green draconians
  9 deep elf annihilators
  13 purple draconians
  2 white draconians
  3 mottled draconians
  10 deep elf demonologists
  3 black draconians
  3 yellow draconians
  5 spark wasps
  A blizzard demon (Depths:1)
  6 ettins
  9 merfolk javelineers
  8 deep elf death magi
  17 vault guards
  9 merfolk impalers
  12 hydras
  15 yaktaur captains
  A minotaur (Lab)
  17 fire dragons
  A jiangshi (Depths:3)
  6 deep elf high priests
  16 naga warriors
  Snorg (D:11)
  2 rakshasas
  3 entropy weavers
  6 great orbs of eyes
  4 spriggan air magi
  6 merfolk aquamancers
  10 ice dragons
  9 anacondas
  2 death knights
  An alligator snapping turtle (Shoals:1)
  15 centaur warriors
  5 merfolk avatars
  5 catoblepae
  Erica (D:11)
  14 ogre magi
  6 tengu warriors
  An alligator (Shoals:1)
  A satyr (Shoals:4)
  4 deep troll shamans
  3 spriggan berserkers
  8 deep troll earth magi
  A vampire mage (Depths:3)
  26 death yaks
  11 orc high priests
  Sonja (D:10)
  The ghost of Voda the Covert, a novice OpHu of Pakellas (D:9)
  18 naga sharpshooters
  6 hell knights
  3 soul eaters
  5 shock serpents
  26 deep elf knights
  A sun demon (Depths:1)
  2 salamander mystics
  A wretched star (Abyss:3)
  A shadow wraith (Vaults:1)
  A skeletal warrior (Vaults:4)
  28 deep trolls
  4 flayed ghosts
  2 iron trolls (Depths:1)
  4 wizards
  2 unseen horrors (shapeshifter)
  An unseen horror (D:12)
  A giant orange brain (shapeshifter) (Vaults:5)
  15 sea snakes
  A shadow demon (Depths:2)
  A giant orange brain (Depths:4)
  9 naga ritualists
  4 phantasmal warriors
  3 torturous demonspawn
  22 deep elf archers
  A putrid demonspawn (Orc:2)
  A harpy (shapeshifter) (Vaults:1)
  38 harpies
  18 ironbrand convokers
  4 hill giants
  A necromancer (Depths:4)
  87 deep elf magi
  8 wolf spiders
  8 fauns
  2 iron dragon zombies
  8 mana vipers
  22 orc knights
  5 cyclopes
  14 manticores
  32 ugly things
  10 water nymphs
  4 orc sorcerers
  27 griffons
  A salamander (shapeshifter) (Vaults:1)
  18 moths of wrath
  3 sixfirhies
  10 salamanders
  11 vault sentinels
  9 sirens
  A guardian serpent (Snake:3)
  A smoke demon (Abyss:3)
  An elephant (shapeshifter) (Vaults:5)
  33 black mambas
  4 rust devils
  17 naga magi
  Joseph (D:8)
  3 molten gargoyles (Depths:2)
  3 orange demons
  2 gargoyles
  Psyche (D:9)
  A torpor snail (Lair:7)
  4 kobold demonologists
  9 spiny frogs
  6 freezing wraiths
  2 komodo dragons (shapeshifter)
  45 yaktaurs
  10 komodo dragons
  A yaktaur (shapeshifter) (Depths:1)
  A fire drake (Lair:7)
  4 red devils
  A golden dragon simulacrum (Depths:3)
  2 jumping spiders
  7 wind drakes
  9 trolls
  2 tengu conjurers (Depths:1)
  A jumping spider (shapeshifter) (D:13)
  A troll (shapeshifter) (Vaults:2)
  44 merfolk
  An ancient zyme (Abyss:3)
  A polar bear (shapeshifter) (Vaults:3)
  6 boulder beetles
  Grinder (D:6)
  A blink frog (shapeshifter) (Depths:2)
  17 two-headed ogres
  60 slime creatures
  2 sphinx simulacra
  13 blink frogs
  4 raiju (Abyss:3)
  Prince Ribbit (D:6)
  A fire giant simulacrum (Vaults:2)
  13 snapping turtles
  9 air elementals
  A tarantella (Depths:2)
  4 wraiths
  A wyvern (shapeshifter) (Vaults:2)
  10 redbacks
  7 wyverns
  A shadow (D:13)
  5 humans (D:11)
  13 water elementals
  81 yaks
  7 fire elementals
  A yak (shapeshifter) (Depths:3)
  A fire bat (Abyss:3)
  14 hippogriffs
  3 basilisks
  2 small abominations (Abyss:3)
  A basilisk (shapeshifter) (Vaults:4)
  19 vampire mosquitoes
  3 chaos spawn (Abyss:3)
  4 hungry ghosts
  A yaktaur simulacrum (Vaults:1)
  4 large abominations (Abyss:3)
  Edmund (D:6)
  An insubstantial wisp (Abyss:3)
  5 mottled dragons
  A soldier ant (shapeshifter) (Abyss:3)
  34 nagas
  20 water moccasins
  10 wargs
  29 wolves
  A soldier ant (D:14)
  3 porcupines
  76 orc warriors
  Purgy (Sewer)
  A wasp (D:13)
  4 ice beasts
  5 sky beasts
  A black bear (shapeshifter) (Depths:3)
  A necrophage (D:10)
  A wasp (shapeshifter) (Depths:3)
  49 ogres
  2 black bears
  3 phantoms
  A boggart (shapeshifter) (Elf:3)
  An eye of draining (Abyss:3)
  6 boggarts
  18 centaurs
  16 crocodiles
  5 big kobolds
  A gnoll sergeant (Orc:2)
  Blork the orc (D:6)
  19 giant frogs
  11 earth elementals
  2 water moccasin skeletons
  8 scorpions
  3 wights (D:6)
  15 killer bees
  5 centaur zombies
  18 crimson imps
  2 quasits
  A human simulacrum (Vaults:2)
  41 orc priests
  10 hounds
  6 centaur skeletons
  3 jellies
  3 giant frog skeletons
  8 iron imps
  31 orc wizards
  A gnoll shaman (Orc:2)
  12 iguanas
  13 worker ants
  44 sheep
  A hound skeleton (D:7)
  A worker ant zombie (D:11)
  11 gnolls
  18 adders
  34 river rats
  6 shadow imps
  2 white imps (Depths:1)
  2 giant eyeballs (Depths:3)
  3 ufetubi
  2 oozes (D:3)
  An adder zombie (D:5)
  4 adder skeletons
  9 worms
  3 giant geckos
  122 orcs
  4 ball pythons
  6 giant cockroaches
  6 goblins
  3 hobgoblins
  3 jackals (D:3)
  22 kobolds
  6 quokkas
  5 bats
  9 giant newts
  A quokka skeleton (D:5)
  12 rats
  A bush (D:1)
  A butterfly (Lair:2)
  3 fire vortices (Depths:2)
  11 fungi
  5 plants
  3 tentacles (Shoals:1)
2404 creatures vanquished.

Vanquished Creatures (collateral kills)
  A caustic shrike (Depths:4)
  A golden dragon (Depths:5)
  5 tentacled monstrosities
  A quicksilver dragon (Vaults:5)
  A titan (Vaults:5)
  A death cob (Zot:2)
  A sphinx (Depths:4)
  4 shadow dragons
  A draconian monk (Zot:1)
  3 greater nagas (Snake:4)
  4 storm dragons
  2 tengu reavers
  3 frost giants
  An iron dragon (Depths:3)
  2 draconian scorchers (Depths:5)
  2 draconian shifters (Zot:1)
  A spriggan defender (Depths:5)
  A war gargoyle (Vaults:5)
  4 very ugly things (Depths:5)
  3 stone giants
  A deep elf demonologist (Depths:3)
  A vampire knight (Depths:3)
  9 purple draconians
  4 black draconians
  2 white draconians
  3 red draconians
  6 spark wasps
  2 yellow draconians
  A mottled draconian (Zot:1)
  2 ettins
  9 statues (WizLab)
  2 vault guards (Depths:3)
  8 fire dragons
  2 jiangshi (Depths:3)
  An entropy weaver (Depths:4)
  A rakshasa (Depths:3)
  A yaktaur captain (Depths:5)
  An ice dragon (Depths:5)
  A spriggan air mage (Depths:5)
  5 naga warriors
  An anaconda (Snake:4)
  A dancing weapon (Vaults:5)
  2 deep troll shamans
  A tengu warrior (Depths:5)
  An ogre mage (Vaults:5)
  A naga sharpshooter (Snake:4)
  3 deep troll earth magi
  2 spriggan berserkers
  A vampire mage (Depths:3)
  5 hell knights
  2 shock serpents (Snake:3)
  9 deep trolls
  2 giant orange brains
  A naga ritualist (Snake:4)
  3 necromancers
  2 phantasmal warriors (Vaults:5)
  A tengu zombie (Depths:3)
  A shadow dragon zombie (Depths:4)
  2 mana vipers (Snake:3)
  3 ugly things (Depths:5)
  2 salamanders (Depths:5)
  2 slime creatures (Depths:3)
  A fire giant skeleton (Depths:3)
  8 deep elf magi (WizLab)
  2 moths of wrath
  6 naga magi (Snake:4)
  4 black mambas
  3 yaktaurs
  A jumping spider (Depths:4)
  2 two-headed ogres (Vaults:5)
  4 redbacks (Depths:2)
  3 spriggans (Depths:5)
  3 air elementals
  2 elf simulacra (Depths:4)
  7 nagas
  3 wasps (Depths:5)
  2 ogres (Vaults:5)
203 creatures vanquished.

Vanquished Creatures (others)
  2 ancient liches (Vaults:5)
  A golden dragon (Vaults:5)
  A tentacled monstrosity (Vaults:5)
  A titan (Vaults:5)
  A sphinx (Vaults:5)
  2 tengu reavers (Vaults:5)
  A storm dragon (Vaults:5)
  A frost giant (Vaults:5)
  2 fire giants
  A deep elf elementalist (Elf:3)
  A stone giant (Vaults:5)
  An ironheart preserver (Vaults:5)
  A draconian caller (Zot:4)
  A salamander stormcaller (Vaults:5)
  A deep elf demonologist (Vaults:5)
  18 vault guards (Vaults:5)
  A merfolk impaler (Shoals:4)
  2 yaktaur captains (Vaults:5)
  2 ogre magi (Vaults:5)
  16 dancing weapons
  A deep elf knight (Vaults:5)
  A fire crab (Vaults:5)
  A deep troll (Depths:5)
  A flayed ghost (Vaults:5)
  An ironbrand convoker (Vaults:5)
  2 phantasmal warriors (Vaults:5)
  3 deep elf magi
  2 orc knights (Vaults:5)
  A boulder beetle (Vaults:5)
  A freezing wraith (Vaults:5)
  2 two-headed ogres (Vaults:5)
  A hog (shapeshifter) (Vaults:3)
  A human (D:11)
  2 wargs
  A naga (Depths:3)
  3 orc warriors (Vaults:5)
  2 boggarts (Vaults:3)
  10 ogres (Vaults:5)
  An earth elemental (Elf:1)
  6 orcs
  A briar patch (Depths:2)
  26 bushes (Depths:1)
  10 fungi
  12 plants (Shoals:4)
  25 tentacles (Shoals:1)
  1897 tentacle segments (Shoals:1)
  5 toadstools (D:1)
2076 creatures vanquished.

Grand Total: 4683 creatures vanquished

Notes
Turn   | Place    | Note
--------------------------------------------------------------
     0 | D:1      | namelastname112 the Draconian Gladiator began the quest for the Orb.
     0 | D:1      | Reached XP level 1. HP: 17/17 MP: 1/1
   145 | D:1      | Found a shattered altar of Ashenzari.
   539 | D:1      | Reached XP level 2. HP: 25/25 MP: 2/2
   795 | D:2      | Found a faded altar to an unknown god.
  1100 | D:2      | Reached XP level 3. HP: 26/30 MP: 3/3
  1274 | D:2      | Found a sparkling altar of Nemelex Xobeh.
  1510 | D:2      | Found a glowing silver altar of Zin.
  1907 | D:3      | Reached skill level 1 in Shields
  1940 | D:3      | Found a stormy altar of Qazlal.
  2015 | D:3      | Reached XP level 4. HP: 37/37 MP: 4/4
  2270 | D:4      | Reached skill level 4 in Maces & Flails
  2270 | D:4      | Reached XP level 5. HP: 45/45 MP: 5/5
  2397 | D:4      | Noticed an ogre
  2410 | D:4      | Killed an ogre
  2410 | D:4      | Reached XP level 6. HP: 6/51 MP: 6/6
  2592 | D:4      | Found a glowing drain.
  2605 | Sewer    | Entered a sewer
  2783 | Sewer    | Noticed Purgy
  2789 | Sewer    | Killed Purgy
  2789 | Sewer    | Reached skill level 5 in Maces & Flails
  3029 | D:4      | Reached XP level 7. HP: 55/59 MP: 7/7
  3029 | D:4      | Your scales start taking on a lurid green colour.
  3029 | D:4      | Gained mutation: Your system is resistant to poisons. [Green Draconian growth]
  3085 | D:4      | Got an ebony dagger
  3086 | D:4      | Identified the cursed +1 dagger of the Grave {freeze, rF+ MP+9 Dex-5 Stlth+} (You found it on level 4 of the Dungeon)
  3238 | D:4      | Found a deep blue altar of Sif Muna.
  3801 | D:5      | Entered Level 5 of the Dungeon
  4029 | D:5      | Found Amniave's General Store.
  4360 | D:5      | Reached skill level 6 in Maces & Flails
  4377 | D:5      | Reached XP level 8. HP: 61/67 MP: 8/8
  4489 | D:5      | Found a shattered altar of Ashenzari.
  4788 | D:5      | Found an oddly glowing altar of Pakellas.
  4987 | D:5      | Found a staircase to the Ecumenical Temple.
  5003 | Temple   | Entered the Ecumenical Temple
  5101 | D:5      | Found a snail-covered altar of Cheibriados.
  5324 | D:6      | Found a blossoming altar of Fedhas.
  5341 | D:6      | Found a shadowy altar of Dithmenos.
  5491 | D:6      | Reached skill level 5 in Fighting
  5554 | D:6      | Noticed Edmund
  5588 | D:6      | Killed Edmund
  5588 | D:6      | Reached skill level 5 in Dodging
  5842 | D:6      | Noticed Blork the orc
  5855 | D:6      | Killed Blork the orc
  5855 | D:6      | Reached skill level 7 in Maces & Flails
  5887 | D:6      | Noticed Prince Ribbit
  5905 | D:6      | Killed Prince Ribbit
  6029 | D:6      | Noticed Grinder
  6043 | D:6      | Paralysed by Grinder for 3 turns
  6049 | D:6      | Killed Grinder
  6049 | D:6      | Reached XP level 9. HP: 39/75 MP: 9/9
  6647 | D:7      | Reached skill level 5 in Throwing
  6825 | D:7      | Got a steaming mace
  6826 | D:7      | Identified the +7 mace of Trial by Ordeal {flame, MR++ Str+2} (You found it on level 7 of the Dungeon)
  6945 | D:7      | Reached skill level 8 in Maces & Flails
  6965 | D:7      | Found an opulent altar of Gozag.
  6973 | D:7      | Became a worshipper of Gozag Ym Sagoz the Greedy
  7096 | D:7      | Learned a level 3 spell: Regeneration
  7280 | D:7      | Found a white marble altar of Elyvilon.
  7352 | D:8      | Reached skill level 5 in Shields
  7361 | D:8      | Found a basalt altar of Yredelemnul.
  7416 | D:8      | Noticed a moth of wrath
  7419 | D:8      | Found a bloodstained altar of Trog.
  7450 | D:8      | Killed a moth of wrath
  7562 | D:8      | Found a glowing golden altar of the Shining One.
  7568 | D:8      | Noticed Joseph
  7595 | D:8      | Killed Joseph
  7819 | D:8      | Found Ysurof's Weapon Shop.
  7906 | D:8      | Found an iron altar of Okawaru.
  7975 | D:8      | Reached XP level 10. HP: 84/84 MP: 10/10
  8064 | D:8      | Reached skill level 9 in Maces & Flails
  8556 | D:9      | Noticed Psyche
  8582 | D:9      | Killed Psyche
  8690 | D:9      | Found a sacrificial altar of Ru.
  9152 | D:9      | Noticed Voda's ghost (novice OpHu)
  9160 | D:9      | Killed Voda's ghost
  9212 | D:9      | Got a heavily runed wooden ring
  9475 | D:9      | Identified the ring "Calur" {SustAt rN+} (You found it on level 9 of the Dungeon)
  9541 | D:10     | Entered Level 10 of the Dungeon
  9556 | D:10     | Reached skill level 10 in Maces & Flails
  9708 | D:10     | Noticed Sonja
  9729 | D:10     | Killed Sonja
  9729 | D:10     | Reached XP level 11. HP: 94/94 MP: 11/11
 10058 | D:10     | Found a staircase to the Orcish Mines.
 10086 | D:10     | Found a roughly hewn altar of Beogh.
 10762 | D:11     | Noticed a green ugly thing
 10771 | D:11     | Killed a green ugly thing
 10913 | D:11     | Found a staircase to the Lair.
 10950 | D:11     | Noticed a death yak
 10950 | D:11     | Noticed a death yak
 10950 | D:11     | Noticed a death yak
 10950 | D:11     | Noticed a death yak
 10951 | D:11     | Noticed a death yak
 10951 | D:11     | Noticed a death yak
 10968 | D:11     | Noticed a death yak
 10974 | D:11     | Noticed a death yak
 11006 | D:11     | Noticed Snorg
 11017 | D:11     | Killed Snorg
 11017 | D:11     | Reached skill level 11 in Maces & Flails
 11161 | D:11     | Noticed an eight-headed hydra
 11408 | D:11     | Killed an eight-headed hydra
 11712 | D:11     | Noticed Erica
 11714 | D:11     | Noticed Gastronok
 11927 | D:11     | Killed Erica
 11958 | D:11     | Killed Gastronok
 11958 | D:11     | Reached XP level 12. HP: 54/104 MP: 12/12
 12246 | D:11     | Killed a death yak
 12257 | D:11     | Killed a death yak
 12662 | D:5      | Bought a scroll of acquirement for 676 gold pieces
 12663 | D:5      | Got a bloodstained broad axe
 12664 | D:5      | Identified the +6 broad axe "Zezebiy" {chop, rPois rF- Dex+2} (You acquired it on level 5 of the Dungeon)
 12918 | D:11     | Killed a death yak
 13162 | D:11     | Killed a death yak
 13355 | D:10     | Reached skill level 12 in Maces & Flails
 13487 | D:11     | Killed a death yak
 13829 | D:11     | Killed a death yak
 13845 | D:11     | Killed a death yak
 13913 | D:11     | Killed a death yak
 14128 | D:12     | Reached skill level 10 in Fighting
 15262 | D:11     | Reached XP level 13. HP: 64/114 MP: 13/13
 15925 | D:11     | Bought a +2 broad axe of electrocution for 286 gold pieces
 15935 | Lair:1   | Entered Level 1 of the Lair of Beasts
 16090 | Lair:1   | Reached skill level 1 in Axes
 17120 | Orc:1    | Entered Level 1 of the Orcish Mines
 17120 | Orc:1    | Found Hiolesud's Food Shoppe.
 17148 | Orc:1    | Found Ewaant's Assorted Antiques.
 17156 | Orc:1    | Bought a glowing jasper amulet for 150 gold pieces
 17352 | Orc:1    | Found Ecviblaw's Weapon Shoppe.
 17498 | Orc:1    | Found Feut Gimmatt's Distillery.
 17742 | Orc:1    | Found Veewkid's Book Shoppe.
 18427 | Orc:2    | Entered Level 2 of the Orcish Mines
 18427 | Orc:2    | Found Qonoa's Antique Weapon Shoppe.
 18515 | Orc:2    | Found Feyff's Antique Armour Shop.
 18597 | Orc:2    | Found Litiluh's Magic Scroll Boutique.
 18618 | Orc:2    | Noticed a stone giant
 18625 | Orc:2    | Found a labyrinth entrance.
 18628 | Orc:2    | Found a staircase to the Elven Halls.
 18634 | Lab      | Entered a labyrinth
 19215 | Lab      | Noticed a minotaur
 19253 | Lab      | Killed a minotaur
 19276 | Lab      | Identified the Volume of Poisoning and Changing
 19515 | Orc:2    | Found Desianat's Assorted Antiques.
 19750 | Orc:2    | Found Tackeuc's Magic Scroll Emporium.
 20109 | Orc:2    | Found Vyox's Magic Scroll Shoppe.
 20416 | Orc:2    | Reached skill level 5 in Axes
 20535 | Orc:2    | Reached skill level 10 in Shields
 21041 | Orc:2    | Gained mutation: Your tail ends in a poisonous barb. [Green Draconian growth]
 21041 | Orc:2    | Reached XP level 14. HP: 117/124 MP: 14/14
 21081 | Orc:2    | Reached skill level 10 in Dodging
 21832 | Orc:2    | Found Tiepti's Antique Weapon Boutique.
 21832 | Orc:2    | Found Syapp's Gadget Shop.
 21832 | Orc:2    | Found a one-way gate leading to the halls of Pandemonium.
 22091 | Orc:2    | Killed a stone giant
 22551 | Orc:2    | Bought a scroll of blinking for 135 gold pieces
 22551 | Orc:2    | Bought a scroll of blinking for 135 gold pieces
 22740 | Orc:2    | Found a roughly hewn altar of Beogh.
 23331 | Lair:1   | Reached skill level 10 in Throwing
 23427 | Lair:2   | Learned a level 1 spell: Apportation
 23429 | Lair:2   | Learned a level 1 spell: Summon Butterflies
 23497 | Lair:2   | Found a sparkling altar of Nemelex Xobeh.
 24054 | Lair:3   | Identified the Volume of the Compass (You found it on level 3 of the Lair of Beasts)
 25544 | Lair:5   | Found a staircase to the Shoals.
 26309 | Lair:6   | Found a staircase to the Slime Pits.
 26311 | Lair:6   | Found a viscous altar of Jiyva.
 26543 | Lair:6   | Found a staircase to the Snake Pit.
 27268 | Lair:7   | Reached XP level 15. HP: 101/134 MP: 13/15
 27469 | Lair:7   | You fall through a shaft!
 27469 | Lair:8   | Entered Level 8 of the Lair of Beasts
 27615 | Lair:8   | Noticed Rupert
 27660 | Lair:8   | Killed Rupert
 27950 | Lair:7   | Reached skill level 10 in Axes
 29240 | Lair:8   | Reached skill level 13 in Fighting
 29446 | Lair:8   | Got an ancient cloak
 29452 | Lair:8   | Identified the +1 cloak of Distant Shores {rF+ Regen+ Dex+2} (You found it on level 8 of the Lair of Beasts)
 30108 | D:11     | Bought a pair of polished gloves for 351 gold pieces
 30118 | D:11     | Identified the +1 pair of gloves of Qazlal's Esteem {rC+ rN+} (You bought it in a shop on level 11 of the Dungeon)
 30678 | D:13     | Found a gate to the Vaults.
 31393 | D:14     | Reached XP level 16. HP: 126/144 MP: 12/16
 32169 | D:15     | Entered Level 15 of the Dungeon
 32275 | D:15     | Found a staircase to the Depths.
 33091 | D:11     | Bought the +8 whip "Snakebite" {curare, rPois} for 921 gold pieces
 33232 | Snake:1  | Entered Level 1 of the Snake Pit
 34688 | Lair:2   | Learned a level 5 spell: Alistair's Intoxication
 34776 | Shoals:1 | Entered Level 1 of the Shoals
 34807 | Shoals:1 | Noticed a kraken
 34819 | Shoals:1 | Reached skill level 1 in Poison Magic
 34884 | Shoals:1 | Reached skill level 1 in Spellcasting
 34884 | Shoals:1 | Reached skill level 1 in Evocations
 35231 | Shoals:1 | Killed a kraken
 36401 | Shoals:2 | Reached XP level 17. HP: 147/151 MP: 19/21
 36411 | Shoals:2 | Reached skill level 5 in Poison Magic
 37126 | Shoals:3 | Found a flickering gateway to a bazaar.
 37140 | Bazaar   | Entered a bazaar
 37140 | Bazaar   | Found Toni's Gadget Shoppe.
 37140 | Bazaar   | Found Mapask's Magic Scroll Shoppe.
 37150 | Bazaar   | Found Antaq's Antique Armour Boutique.
 37163 | Bazaar   | Found Zosev's Antique Weapon Emporium.
 37168 | Bazaar   | Found Beakh's General Store.
 37206 | Bazaar   | Bought a pair of encrusted boots for 228 gold pieces
 37216 | Bazaar   | Identified the +0 pair of boots of Insecurity {rN++} (You bought it in a shop in a bazaar)
 37382 | Shoals:2 | Reached skill level 5 in Evocations
 38195 | Shoals:3 | Reached skill level 5 in Spellcasting
 38269 | Shoals:4 | Entered Level 4 of the Shoals
 38269 | Shoals:4 | Noticed Polyphemus
 38342 | Shoals:4 | Killed Polyphemus
 38514 | Shoals:4 | Noticed M4edhros's ghost (adept OpAr)
 38529 | Shoals:4 | Noticed Jorgrun
 38537 | Shoals:4 | Noticed Ilsuiw
 38823 | Shoals:4 | Gained mutation: Your large and strong wings let you fly indefinitely. [potion of beneficial mutation]
 39879 | Shoals:4 | Killed Jorgrun
 40024 | Shoals:4 | Killed Ilsuiw
 40971 | Shoals:4 | Reached XP level 18. HP: 136/159 MP: 23/29
 41245 | Shoals:4 | Killed M4edhros's ghost
 41245 | Shoals:4 | Reached skill level 10 in Poison Magic
 42133 | Shoals:4 | Got a barnacled rune of Zot
 42784 | D:11     | Bought the +0 Staff of Olgreb {rPois} for 1300 gold pieces
 42866 | Vaults:1 | Entered Level 1 of the Vaults
 44369 | Vaults:1 | Reached skill level 10 in Evocations
 45270 | Vaults:2 | Reached skill level 1 in Transmutations
 45577 | Vaults:2 | Reached skill level 1 in Charms
 46103 | Vaults:2 | Got a heavily runed jade ring
 46104 | Vaults:2 | Identified the ring of the Scarab {Dex+3 SInv} (You found it on level 2 of the Vaults)
 46488 | Vaults:2 | Reached XP level 19. HP: 112/166 MP: 24/32
 46710 | Vaults:2 | Noticed Aizul
 46780 | Vaults:2 | Killed Aizul
 47615 | Vaults:2 | Reached skill level 5 in Transmutations
 47658 | Vaults:2 | Reached skill level 10 in Spellcasting
 49144 | Vaults:3 | HP: 5/166 [war gargoyle/great mace of protection (25)]
 49681 | Vaults:3 | Found a staircase to the Crypt.
 49681 | Vaults:3 | Found an ancient bone altar of Kikubaaqudgha.
 49703 | Vaults:3 | Found a basalt altar of Yredelemnul.
 49740 | Vaults:3 | Found Henaruyph's Gadget Emporium.
 50787 | Vaults:3 | Noticed Asterion
 50816 | Vaults:3 | Killed Asterion
 51985 | Vaults:4 | Reached XP level 20. HP: 115/173 MP: 18/34
 52133 | Vaults:4 | Reached skill level 5 in Charms
 52549 | Vaults:4 | Reached skill level 14 in Poison Magic
 52756 | Vaults:4 | Noticed PeterLawrence's ghost (veteran GrFi)
 53740 | Elf:1    | Entered Level 1 of the Elven Halls
 53753 | Elf:1    | Reached skill level 1 in Necromancy
 53853 | Elf:1    | Gained mutation: You are dopey. (Int -2) [a neqoxec]
 54712 | D:11     | Bought the +2 pair of boots of the Assassin {DetectMon Stab+ Stlth++} for 379 gold pieces
 55469 | Elf:1    | Reached skill level 5 in Necromancy
 56937 | Elf:2    | Reached XP level 21. HP: 168/180 MP: 33/36
 57106 | Elf:2    | Found a huge runed gate.
 57106 | Elf:2    | Found a huge runed gate.
 57106 | Elf:2    | Found a huge runed gate.
 57106 | Elf:2    | Found a huge runed gate.
 57116 | Elf:2    | Found a huge runed gate.
 57221 | Elf:3    | Entered Level 3 of the Elven Halls
 59583 | Elf:3    | Reached skill level 10 in Necromancy
 59913 | Elf:3    | Got a heavily runed bronze ring
 59914 | Elf:3    | Identified the ring "Acesob" {SustAt *Drain rPois rN+ Dex+7} (You took it off a deep elf master archer on level 3 of the Elven Halls)
 59926 | Elf:3    | Got a steaming platinum ring
 59927 | Elf:3    | Identified the ring "Usidodgh" {rPois SInv} (You took it off a deep elf annihilator on level 3 of the Elven Halls)
 59988 | Elf:3    | Got a slimy wooden ring
 59989 | Elf:3    | Identified the cursed ring "Hikuuxzo" {+Inv rC+ rN+ Str-2 Stlth+} (You took it off a deep elf sorcerer on level 3 of the Elven Halls)
 60031 | Elf:3    | Noticed Roxanne
 60437 | Elf:3    | Got a steaming iron ring
 60438 | Elf:3    | Identified the ring of Tiryxt {Int+3 SInv} (You found it on level 3 of the Elven Halls)
 60463 | Elf:3    | Identified the Incunabulum of Poison
 60468 | Elf:3    | Learned a level 3 spell: Ignite Poison
 60474 | Elf:3    | Learned a level 5 spell: Venom Bolt
 60481 | Elf:3    | Learned a level 6 spell: Poisonous Cloud
 60838 | D:11     | Bought the cursed +0 shield "Xotismef" {*Drain rF++ Int+4} for 403 gold pieces
 61223 | Depths:1 | Entered Level 1 of the Depths
 61223 | Depths:1 | Noticed Mara
 61248 | Depths:1 | Noticed namelastname112's illusion
 61256 | D:15     | Noticed namelastname112's illusion
 61308 | D:15     | Killed Mara
 61308 | D:15     | Reached skill level 1 in Conjurations
 61308 | D:15     | Reached skill level 1 in Air Magic
 61668 | Depths:1 | Reached skill level 1 in Stealth
 61771 | Depths:1 | Found a gateway to Hell.
 62181 | Depths:1 | Noticed the Enchantress
 62383 | Depths:1 | Killed the Enchantress
 63041 | Depths:2 | Found Rale's Food Emporium.
 63048 | Depths:2 | Bought a bread ration for 60 gold pieces
 63048 | Depths:2 | Bought a bread ration for 60 gold pieces
 63131 | Depths:2 | Reached XP level 22. HP: 153/188 MP: 17/37
 63537 | Depths:2 | Paralysed by a vampire knight for 2 turns
 63895 | Depths:2 | Found a one-way gate to the infinite horrors of the Abyss.
 64117 | Depths:2 | Paralysed by a vampire knight for 5 turns
 64810 | Vaults:4 | Reached skill level 5 in Conjurations
 65282 | Vaults:4 | Killed PeterLawrence's ghost
 65318 | Vaults:4 | Identified Kaip's Tome of Beguiling and Cold
 65439 | Vaults:4 | Reached skill level 5 in Air Magic
 65492 | Vaults:4 | Reached skill level 5 in Stealth
 65492 | Vaults:4 | Reached skill level 15 in Shields
 65888 | Vaults:5 | Entered Level 5 of the Vaults
 65890 | Vaults:5 | Noticed a golden dragon
 65909 | Vaults:5 | Noticed an ancient lich
 65909 | Vaults:5 | Noticed a golden dragon
 65923 | Vaults:5 | Killed a golden dragon
 65935 | Vaults:5 | Killed an ancient lich
 65939 | Vaults:5 | Noticed an ancient lich
 65959 | Vaults:5 | Got a silver rune of Zot
 66080 | Vaults:5 | Found Nearoagg's Antique Armour Boutique.
 66082 | Vaults:5 | Killed an ancient lich
 66200 | Vaults:5 | Noticed an ancient lich
 67100 | Vaults:5 | Killed a golden dragon
 67291 | Vaults:5 | Noticed a golden dragon
 67392 | Vaults:5 | Killed a golden dragon
 67677 | Vaults:5 | Reached XP level 23. HP: 180/194 MP: 36/38
 67881 | Vaults:5 | Killed an ancient lich
 68671 | D:11     | Bought a runed demon whip for 360 gold pieces
 68929 | Temple   | Fell from the grace of Gozag
 68929 | Temple   | Became a worshipper of Kikubaaqudgha
 69270 | Lair:8   | Learned a level 2 spell: Sublimation of Blood
 69277 | Lair:8   | Learned a level 6 spell: Death Channel
 69284 | Lair:8   | Learned a level 6 spell: Simulacrum
 70390 | Snake:3  | Reached * piety under Kikubaaqudgha
 70390 | Snake:3  | Received a gift from Kikubaaqudgha
 70423 | Snake:3  | Identified Kikubaaqudgha's Volume of Sinister Magic (Kikubaaqudgha gifted it to you on level 3 of the Snake Pit)
 70443 | Snake:3  | Learned a level 3 spell: Vampiric Draining
 70461 | Snake:3  | Noticed Norris
 70467 | Snake:3  | Paralysed by Norris for 6 turns
 70482 | Snake:3  | Paralysed by Norris for 4 turns
 70657 | Snake:3  | Paralysed by something for 6 turns
 70977 | Snake:3  | Killed Norris
 70977 | Snake:3  | Reached skill level 15 in Poison Magic
 71383 | Snake:3  | Reached ** piety under Kikubaaqudgha
 71576 | Snake:4  | Entered Level 4 of the Snake Pit
 71769 | Snake:4  | Found Peuweg's Book Shop.
 71999 | Snake:4  | Reached *** piety under Kikubaaqudgha
 71999 | Snake:4  | Received a gift from Kikubaaqudgha
 72000 | Snake:4  | Identified Kikubaaqudgha's Collected Works on Stolen Souls (Kikubaaqudgha gifted it to you on level 4 of the Snake Pit)
 72395 | Snake:4  | Reached skill level 1 in Ice Magic
 72498 | Snake:4  | Got a serpentine rune of Zot
 73218 | Lair:8   | Learned a level 4 spell: Animate Dead
 73224 | Lair:8   | Learned a level 5 spell: Dispel Undead
 73961 | Depths:2 | Reached **** piety under Kikubaaqudgha
 74436 | Depths:2 | Identified Dasonus's Tome of the Hurtful Snowflakes
 74450 | Depths:2 | Learned a level 3 spell: Ozocubu's Armour
 74453 | Depths:2 | Identified the Tome of Excruciating Feathers (You found it on level 2 of the Depths)
 74769 | Depths:3 | Found Voomp's Food Emporium.
 74780 | Depths:3 | Bought a meat ration for 65 gold pieces
 74780 | Depths:3 | Bought a bread ration for 65 gold pieces
 74780 | Depths:3 | Bought a meat ration for 65 gold pieces
 74780 | Depths:3 | Bought a bread ration for 65 gold pieces
 74780 | Depths:3 | Bought a meat ration for 65 gold pieces
 74780 | Depths:3 | Bought a meat ration for 65 gold pieces
 74780 | Depths:3 | Bought a meat ration for 65 gold pieces
 74790 | Depths:3 | Got a smoking lead ring
 74791 | Depths:3 | Identified the ring "Bixo" {Fire rElec Str+4 Dex+3} (You found it on level 3 of the Depths)
 75034 | Depths:3 | Cast into level 3 of the Abyss (a lich)
 75034 | Abyss:3  | Found a corrupted altar of Lugonu.
 75593 | Depths:3 | Escaped the Abyss
 75629 | Depths:3 | Reached XP level 24. HP: 177/202 MP: 14/39
 75754 | Depths:3 | Found Tadit's Book Emporium.
 75843 | Depths:3 | Got a shimmering golden ring
 75893 | Depths:3 | Reached ***** piety under Kikubaaqudgha
 75990 | Depths:3 | Found Lyshri's Gadget Boutique.
 76090 | Depths:3 | Paralysed by a giant eyeball for 2 turns
 76173 | Depths:3 | Got a fine amber ring
 76365 | Depths:3 | Reached skill level 5 in Ice Magic
 76665 | Depths:3 | Identified the ring "Wiaka" {rElec Str+3 Stlth+} (You took it off a vampire mage on level 3 of the Depths)
 76666 | Depths:3 | Identified the ring "Ehippumi" {*Drain +Fly rPois Dex-3 Stlth-} (You took it off an orc on level 3 of the Depths)
 76669 | Depths:3 | Got a faintly glowing wooden ring
 76670 | Depths:3 | Identified the ring "Duxko" {AC+4 Str+6 Int+2 Stlth-} (You found it on level 3 of the Depths)
 77011 | Lair:1   | Learned a level 1 spell: Animate Skeleton
 77171 | Depths:1 | Reached skill level 15 in Necromancy
 77613 | Depths:4 | Reached skill level 10 in Stealth
 78517 | Depths:5 | Entered Level 5 of the Depths
 78535 | Depths:5 | Found Votuink's Book Shoppe.
 78563 | Depths:5 | Found a magical portal.
 78568 | WizLab   | Entered Iskenderun's Mystic Tower
 78829 | WizLab   | Reached skill level 16 in Necromancy
 79226 | WizLab   | Identified Iskenderun's Guide on Combat Magic
 79258 | WizLab   | Identified Iskenderun's Volume of Arcane Weapons (You found it in a wizard's laboratory)
 79566 | Depths:5 | Found a gate to the Realm of Zot.
 79841 | Depths:5 | Reached XP level 25. HP: 209/209 MP: 36/41
 79875 | Depths:5 | Found a gateway to a ziggurat.
 79974 | Depths:5 | Was forgiven by Gozag
 80343 | Zot:1    | Entered Level 1 of the Realm of Zot
 80429 | Zot:1    | Reached skill level 17 in Necromancy
 80744 | Zot:1    | Reached ****** piety under Kikubaaqudgha
 80745 | Zot:1    | Received a gift from Kikubaaqudgha
 80758 | Zot:1    | Learned a level 7 spell: Haunt
 80875 | Zot:1    | Reached skill level 1 in Summonings
 81882 | Zot:2    | Reached skill level 5 in Summonings
 83699 | Zot:4    | Killed from afar by a green draconian annihilator

Vault maps used:
D:1:      ldierk_walled_garden, serial_forest, infiniplex_forest_end_double,
          infiniplex_forest_lined_2, infiniplex_forest_clump_curved,
          infiniplex_forest_3_way, infiniplex_forest_end_double,
          infiniplex_forest_end_3, infiniplex_forest_straight_2,
          minmay_misc_feat_five, kennysheep_nondescript, evilmike_ruin_ashenzari
D:2:      lemuel_crystal_altar, zin_treasury, ecumenical_altar_1
D:3:      grunt_qazlal_clouds
D:4:      lemuel_blue_sif_altar, gup_sewer_entry_bubbles
D:5:      kennysheep_spiral_hall, lemuel_crystal_altar,
          minmay_temple_entry_statues_pillars, basic_altar, first_bread,
          serial_shops, shop_fountains, johnstein_pakellas_dig
D:6:      overflow_temple_1_default, fedhas_altar_2, uniq_grinder, uniq_edmund,
          uniq_blork_the_orc, uniq_prince_ribbit1
D:7:      kennysheep_mini, nicolae_gozag_cash_rules_everything_around_me
D:8:      okawaru_ov_weapons_minmay, overflow_temple_1_default,
          lemuel_doored_altar, tgw_trog, serial_shops, kennysheep_mini_moat,
          uniq_joseph
D:9:      nicolae_ru_path_of_blood, uniq_psyche
D:10:     minmay_orc_entry_temple_small, grunt_pizzeria, uniq_sonja
D:11:     slaughterhouse, dpeg_lair_monsters, minmay_misc_feat_enclosed,
          uniq_erica, uniq_gastronok, uniq_snorg
D:13:     erik_vaults_1
D:14:     hex_tiny
D:15:     grunt_enter_depths_snipers, minmay_misc_feat_nine_boxes, hex_medium,
          minmay_crystal_room
Temple:   circular_temple_6
Lair:1:   lemuel_fruit_tree
Lair:2:   basic_altar, serial_forest, infiniplex_forest_clump_diagonal,
          infiniplex_forest_lined_1, infiniplex_forest_lined_ring,
          infiniplex_forest_straight_4, infiniplex_forest_clump_large,
          serial_bayou_lagoon_b, lemuel_fruit_fields, lemuel_fruit_fields
Lair:4:   minmay_holes, infiniplex_staircase_pool
Lair:5:   shoals_dummy_entry
Lair:6:   minmay_snake_entry_six_corridors, slime_altar_1, beast_lair_carwin_7
Lair:7:   grunt_megastairs_3, serial_bayou_shore_b
Lair:8:   evilmike_catoblepas_cave, uniq_rupert
Shoals:1: nicolae_shoals_siren_and_animal_friends
Shoals:2: cheibrodos_shoals_roost, yaktaur_hedge
Shoals:3: serial_shops, bzr_entry_customers
Shoals:4: shoals_end_simple, shoals_ilsuiw_alternative, uniq_polyphemus,
          uniq_jorgrun
Snake:1:  grunt_megastairs_2
Snake:3:  grunt_megastairs_4, uniq_norris
Snake:4:  snake_pit, serial_shops, shop
Orc:1:    serial_shops, shop, shop, shop_fountains, shop, shop
Orc:2:    pf_orc_diabolical, serial_shops,
          nicolae_shop_competitors_out_of_business, nicolae_shop_trees, shop,
          shop, lab_entry_generic, mines1_david
Elf:1:    eino_elf_arrival_the_gate, special_room,
          kennysheep_underground_church, grunt_ministairs_13
Elf:2:    uniq_nikola
Elf:3:    elf_hall, hangedman_elf_simple_split, uniq_roxanne
Vaults:1: v_misc_33, vaults_room_grunt_arrival_ludios,
          vaults_room_hangedman_quadrants, ontoclasm_vaults_tryst,
          nicolae_vaults_mini_display_case, v_misc_28
Vaults:2: vaults_room_boxed, nicolae_vaults_sealed_display, v_misc_26,
          nicolae_vaults_triangles, hangedman_vaults_impose, v_misc_28,
          v_misc_32, nicolae_vaults_theta, uniq_aizul
Vaults:3: st_octagons_1, minmay_crypt_entry_necro_gods, v_misc_17, v_rooms_3,
          v_misc_10, hangedman_vaults_trim, vaults_room_stairs_pillars,
          vaults_mumra_chevron, vaults_dpeg_hooks, v_alt_pattern_5,
          vaults_room_corners, ontoclasm_vaults_gateway, serial_shops,
          nicolae_shop_behind_doors, uniq_asterion
Vaults:4: nicolae_vaults_rhombus_7, nicolae_vaults_ninety_degrees,
          ontoclasm_vaults_hangar, ontoclasm_vaults_spin, v_misc_9, v_rooms_2,
          hangedman_vaults_pinch, vaults_room_hallway, ontoclasm_vaults_idyll,
          nicolae_vaults_asterisk, nicolae_vaults_little_ls
Depths:1: minmay_tree_intersection, grunt_hell_entry_demonic_statue,
          minmay_hedge_maze, kennysheep_pointless_box,
          kennysheep_generic_room_13, uniq_mara, uniq_enchantress
Depths:2: mu_elemental_laboratory, serial_shops, nicolae_shop_crystal,
          grunt_pan_entry_in_and_out, abyss_entry, hell_entry,
          hangedman_decor_slide_cut, spider_trap, infiniplex_staircase_zigzag_5
Depths:3: hangedman_spin_cycle, hell_entry, pan_entry, serial_shops
Depths:4: minmay_two_paths, hell_entry, hangedman_abyss_entry_splay,
          hangedman_decor_cross_pass, serial_bayou_shore_b,
          infiniplex_staircase_pool_1
Depths:5: grunt_zot_entry_bicorn, enter_ziggurat_a, hangedman_coc_ice_floe,
          serial_shops, shop, hangedman_abyss_or_decor_stagger,
          mu_enter_wizlab_6, lemuel_nasty_fountain
Zot:1:    zot_minivault_4
Zot:2:    nicolae_moth_party, grunt_ministairs_15
Zot:4:    lemuel_draconian_sentries
Lab:      labyrinth_spiral, nicolae_lab_grate_2
Bazaar:   bazaar_lake
Sewer:    sewer_co_purgy_island
WizLab:   wizlab_iskenderun

Action                   |  1- 3 |  4- 6 |  7- 9 | 10-12 | 13-15 | 16-18 | 19-21 | 22-24 | 25-27 || total
-------------------------+-------+-------+-------+-------+-------+-------+-------+-------+-------++-------
Melee: Dagger            |    95 |    20 |       |       |       |       |       |       |       ||   115
       Flail             |    15 |   115 |   325 |       |       |       |       |       |       ||   455
       Mace              |       |       |    69 |   747 |    80 |       |       |       |       ||   896
       Broad axe         |       |       |       |       |  1666 |   447 |       |       |       ||  2113
       Whip              |       |       |       |       |       |  2633 |  2699 |   217 |       ||  5549
       Staff             |       |       |       |       |       |    43 |   294 |   143 |       ||   480
       Demon whip        |       |       |       |       |       |       |   125 |  2524 |   592 ||  3241
 Fire: Blowgun           |       |       |       |       |     3 |       |       |       |       ||     3
Throw: Throwing net      |       |     3 |       |       |       |    10 |       |       |       ||    13
       Tomahawk          |       |       |       |    12 |    64 |    75 |       |       |       ||   151
       Javelin           |       |       |       |       |       |    30 |       |       |       ||    30
 Cast: Alistair's Intoxi |       |       |       |       |       |       |     4 |       |       ||     4
       Regeneration      |       |       |       |       |       |       |     5 |    59 |    19 ||    83
       Ignite Poison     |       |       |       |       |       |       |     5 |    15 |     5 ||    25
       Summon Butterflie |       |       |       |       |       |       |     1 |       |       ||     1
       Poisonous Cloud   |       |       |       |       |       |       |       |     4 |       ||     4
       Death Channel     |       |       |       |       |       |       |       |    30 |    11 ||    41
       Dispel Undead     |       |       |       |       |       |       |       |    21 |    22 ||    43
       Animate Dead      |       |       |       |       |       |       |       |    29 |    16 ||    45
       Vampiric Draining |       |       |       |       |       |       |       |    24 |    44 ||    68
       Simulacrum        |       |       |       |       |       |       |       |    31 |    14 ||    45
       Ozocubu's Armour  |       |       |       |       |       |       |       |     1 |       ||     1
       Sublimation of Bl |       |       |       |       |       |       |       |     5 |     9 ||    14
       Animate Skeleton  |       |       |       |       |       |       |       |     2 |     8 ||    10
Invok: Call Merchant     |       |       |       |     1 |     2 |     4 |     3 |     1 |       ||    11
       Bribe Branch      |       |       |       |       |       |       |       |     1 |       ||     1
       Receive Corpses   |       |       |       |       |       |       |       |    13 |     5 ||    18
       Receive Necronomi |       |       |       |       |       |       |       |       |     1 ||     1
 Abil: Breathe Noxious F |       |       |     5 |    20 |    18 |     4 |     2 |     4 |     3 ||    56
       Fly               |       |       |       |       |       |     1 |     1 |     1 |     1 ||     4
       Stop Flying       |       |       |       |       |       |       |     1 |     2 |       ||     3
       Evoke Invisibilit |       |       |       |       |       |       |     1 |     2 |       ||     3
Evoke: Wand              |       |       |     1 |     1 |       |     1 |     5 |     5 |       ||    13
       Staff of Olgreb   |       |       |       |       |       |    17 |   130 |    12 |       ||   159
       Rod               |       |       |       |       |       |       |     4 |     3 |       ||     7
  Use: Potion            |       |     1 |     2 |       |     2 |    10 |     6 |     6 |       ||    27
       Scroll            |       |       |     3 |    26 |    11 |    16 |    27 |    19 |     1 ||   103
 Stab: Sleeping          |       |       |     3 |     1 |     9 |     3 |    10 |    25 |    15 ||    66
       Distracted        |       |       |       |     7 |    18 |    17 |    18 |    48 |     9 ||   117
       Paralysed         |       |       |       |     1 |       |       |       |     1 |       ||     2
       Confused          |       |       |       |     9 |    11 |     2 |     4 |       |       ||    26
       Petrifying        |       |       |       |       |     1 |       |       |       |       ||     1
       Petrified         |       |       |       |       |     1 |       |       |       |       ||     1
       Invisible         |       |       |       |       |       |     3 |     8 |     5 |       ||    16
       Held in net/web   |       |       |       |       |       |     2 |       |       |       ||     2
  Eat: Chunk             |     3 |     4 |    13 |       |       |       |       |     8 |     4 ||    32
       Beef jerky        |       |       |     3 |     1 |     2 |     2 |     2 |     1 |       ||    11
       Fruit             |       |       |     5 |     5 |    32 |       |       |     5 |       ||    47
       Pizza             |       |       |       |    10 |     5 |       |       |     2 |       ||    17
       Meat ration       |       |       |       |     1 |       |     2 |     8 |     6 |     3 ||    20
       Bread ration      |       |       |       |     1 |     4 |     9 |     4 |    10 |     2 ||    30
       Royal jelly       |       |       |       |       |     2 |       |     1 |     1 |       ||     4
